 Dungeon Crawl Stone Soup version 0.27-a0-448-gace5c5693b (webtiles) character file.

Game seed: 17584398280586122238

29568 jasper the Covert (level 13, -5/68 HPs)
             Began as a Spriggan Brigand on Feb 28, 2021.
             Was a High Priest of Cheibriados.
             Slain by a sun demon (9 damage)
             ... summoned by an orc high priest
             ... on level 2 of the Orcish Mines.
             The game lasted 00:24:44 (17263 turns).

jasper the Covert (Spriggan Brigand)               Turns: 17263, Time: 00:24:44

Health: -5/68      AC:  9    Str: 21    XL:     13   Next: 15%
Magic:  0/22       EV: 44    Int: 24    God:    Cheibriados [*****.]
Gold:   1268       SH:  8    Dex: 32    Spells: 12/12 levels left

rFire    . . .     SeeInvis +   x - +7 long sword "Teughune" {vorpal, rF+ rN+}
rCold    . . .     Faith    .   R - +0 buckler of the Thunderstorm {rPois rF- Str+3}
rNeg     + . .     Spirit   +   Q - +2 acid dragon scales
rPois    +         Reflect  .   (helmet restricted)
rElec    .         Harm     .   c - +0 cloak
rCorr    +         Rampage  .   (gloves unavailable)
Will     ++...                  (boots unavailable)
Stlth    ++++++....             g - amulet of guardian spirit
HPRegen  0.21/turn              t - +4 ring of evasion
MPRegen  0.18/turn              a - +4 ring of evasion

@: studying Long Blades, very slow
A: very small, unfitting armour, see invisible, speed 3
a: Renounce Religion, Bend Time, Temporal Distortion, Slouch, Step From Time


You were on level 2 of the Orcish Mines.
You worshipped Cheibriados.
Cheibriados was extremely pleased with you.
You visited 4 branches of the dungeon, and saw 17 of its levels.

You collected 1470 gold pieces.
You spent 202 gold pieces at shops.

Inventory:

Hand Weapons
 h - a +3 vampiric short sword
 x - the +7 long sword "Teughune" (weapon) {vorpal, rF+ rN+}
   (You found it on level 4 of the Dungeon)

   It inflicts extra damage upon your enemies.
   It protects you from fire.
   It protects you from negative energy.
 N - a +0 short sword of distortion
Missiles
 d - 65 poisoned darts (quivered)
 w - 8 curare-tipped darts
Armour
 c - a +0 cloak (worn)
 Q - +2 acid dragon scales (worn)
 R - the +0 buckler of the Thunderstorm (worn) {rPois rF- Str+3}
   (You found it on level 7 of the Dungeon)

   It affects your strength (+3).
   It makes you vulnerable to fire.
   It protects you from poison.
Jewellery
 a - a +4 ring of evasion (right hand)
 g - an amulet of guardian spirit (around neck)
 k - a ring of protection from cold
 l - a ring of fire
 r - an amulet of magic regeneration
 t - a +4 ring of evasion (left hand)
 z - a ring of fire
 H - a ring of protection from fire
Wands
 e - a wand of polymorph (2)
 p - a wand of mindburst (7)
 y - a wand of random effects (41)
 B - a wand of digging (9)
 E - a wand of flame (20)
 M - a wand of paralysis (9)
 T - a wand of acid (5)
Scrolls
 m - 2 scrolls of enchant weapon
 o - 2 scrolls of teleportation
 A - 5 scrolls of magic mapping
 D - a scroll of amnesia
 G - 2 scrolls of fear
 I - a scroll of torment
 J - a scroll of summoning
 P - a scroll of immolation
 S - a scroll of identify
 U - a scroll of brand weapon {unknown}
Potions
 b - a potion of mutation
 f - a potion of resistance
 i - 2 potions of brilliance
 j - a potion of ambrosia
 n - 2 potions of flight
 s - 5 potions of curing
 v - 2 potions of haste
 F - 2 potions of attraction
 K - 2 potions of magic {unknown}
 O - a potion of lignification {unknown}
Miscellaneous
 q - a box of beasts


   Skills:
 + Level 7.9 Fighting
 - Level 8.0(10.2) Short Blades
 + Level 7.7(8.7) Long Blades
 - Level 2.0 Throwing
 - Level 3.0 Armour
 + Level 11.9 Dodging
 + Level 14.7 Stealth
 * Level 11.5 Invocations


You had 12 spell levels left.
You didn't know any spells.
Your spell library contained the following spells:

 Spells                   Type           Power        Failure   Level
 Corona                   Hex            0%           30%         1
 Magic Dart               Conj           0%           30%         1
 Ensorcelled Hibernation  Hex/Ice        0%           43%         2
 Searing Ray              Conj           0%           43%         2
 Confusing Touch          Hex            0%           67%         3
 Dazzling Flash           Conj/Hex       0%           67%         3
 Tukima's Dance           Hex            0%           67%         3
 Fulminant Prism          Conj/Hex       0%           97%         4
 Iskenderun's Mystic Bla  Conj/Tloc      0%           97%         4


Dungeon Overview and Level Annotations

Branches:
Dungeon (11/15)            Temple (1/1) D:4            Lair (3/6) D:8
 Shoals (0/4) Lair:2          Orc (2/2) D:11            Elf (0/3) Orc:2
  Snake: Lair:2-4    Spider: Lair:2-4

Altars:
Ashenzari
Cheibriados
Dithmenos
Fedhas
Gozag
Hepliaklqana
Makhleb
Nemelex Xobeh
Okawaru
Qazlal
Ru
Trog
Uskayaw
Vehumet
Wu Jian
Beogh

Shops:
D:8 ?   Orc:2 (


Innate Abilities, Weirdness & Mutations

You are very small and have problems with some larger weapons.
You are too small for most types of armour.
You have supernaturally acute eyesight. (SInv)
You cover ground extremely quickly.


Message History

The orc warrior is almost dead.
You hit the orc warrior.
You kill the orc warrior!
Cheibriados appreciates the change of pace.
You block the ice devil's attack. You block the orange demon's attack.
The orc high priest completely misses you.
The orc knight completely misses you.
You riposte.
You hit the orc knight.
The orc knight is lightly wounded.
The ice devil hits you. The ice devil freezes you!!
The orange demon completely misses you. The orc high priest closely misses you.
Items here: )))) [[[.
You take 17 damage, and have 33/68 hp.
MASSIVE DAMAGE!!
You now have 11/22 mp.
You barely miss the orc high priest. The orc knight completely misses you.
The sun demon completely misses you. The ice devil completely misses you.
You block the orange demon's attack.
You hit the orc high priest but do no damage.
You block the orc high priest's attack. The sun demon closely misses you.
The orange demon completely misses you. The orc knight completely misses you.
The ice devil completely misses you.
You riposte.
You slash the ice devil!
The ice devil is severely wounded.
You slash the orc high priest!
The orc high priest is lightly wounded.
The sun demon completely misses you.
You riposte.
You completely miss the sun demon.
The orc high priest mumbles some strange prayers to Beogh against you.
Beogh smites you! The orange demon completely misses you.
The ice devil hits you! The ice devil freezes you!!
* * * LOW HITPOINT WARNING * * *
The sun demon completely misses you.
You riposte.
You closely miss the sun demon.
You take 26 damage, and have 7/68 hp.
MASSIVE DAMAGE!!
You now have 3/22 mp.
You closely miss the orc high priest.
The orc high priest is lightly wounded.
The orc knight completely misses you. You block the orc high priest's attack.
The orange demon barely misses you. The ice devil barely misses you.
The sun demon hits you.
* * * LOW HITPOINT WARNING * * *
You are engulfed in flames!
You die...

.......#....................
...#........................
............................
.............#..............
......#..............P......
............................
..............#..)..........
..........#..##o3......8....
...............#@o4.)...∩...
...............4##..........
........#.......###.P.......
.....>..#....#.## ##...P....
.......#........# #.......P
.............#.## ###.....#
............#### #.....
............#.##
...............#


You could see an orc knight, an orc high priest (strong), a sun demon
(summoned), an orange demon (summoned) and an ice devil (summoned).

Vanquished Creatures
  2 orc warlords (Orc:2)
  An ettin (Orc:1)
  A catoblepas (Lair:2)
  4 hydras
  Sonja (D:10)
  An unseen horror (D:10)
  5 orc sorcerers
  2 orc knights (Orc:2)
  2 ugly things (D:11)
  A cyclops (D:11)
  Joseph (D:7)
  5 cane toads
  A rime drake (Lair:2)
  3 komodo dragons
  A polar bear (Lair:3)
  7 trolls
  Prince Ribbit (D:7)
  A meliai zombie (D:11)
  A wraith (D:11)
  23 yaks
  A vampire (D:11)
  3 wyverns
  A basilisk (Lair:3)
  2 wargs
  7 water moccasins
  An acid dragon (D:11)
  2 ice beasts
  20 orc warriors
  A sky beast (D:5)
  7 ogres
  2 black bears (D:8)
  6 centaurs
  3 phantoms
  14 bullfrogs
  3 kobold brigands
  4 scorpions
  6 killer bees
  15 wights
  A howler monkey (D:5)
  A bullfrog zombie (D:9)
  2 quasits (D:9)
  4 hounds
  13 orc priests
  A bullfrog skeleton (D:9)
  2 jellies (D:8)
  4 iguanas
  Ijyb (D:3)
  28 orc wizards
  6 worker ants
  2 howler monkey zombies
  A worker ant zombie (D:11)
  Robin (D:3)
  14 adders
  A river rat (D:3)
  3 white imps
  3 ufetubi
  An adder zombie (D:6)
  5 worms
  4 dart slugs
  4 leopard geckos
  57 orcs
  4 ball pythons
  7 giant cockroaches
  16 goblins
  12 hobgoblins
  5 jackals
  23 kobolds
  3 quokkas
  9 bats
  5 frilled lizards
  5 rats
410 creatures vanquished.

Vanquished Creatures (others)
  29 fungi
  9 plants
38 creatures vanquished.

Grand Total: 448 creatures vanquished

Notes
Turn   | Place    | Note
-------+----------+-------------------------------------------
     0 | D:1      | jasper the Spriggan Brigand began the quest for the Orb.
     0 | D:1      | Reached XP level 1. HP: 10/10 MP: 2/2
   155 | D:1      | Reached skill level 6 in Stealth
   344 | D:1      | Reached XP level 2. HP: 15/15 MP: 3/3
  1023 | D:2      | Reached XP level 3. HP: 18/18 MP: 4/4
  1891 | D:3      | Reached XP level 4. HP: 23/23 MP: 5/5
  1970 | D:3      | Noticed Robin
  2010 | D:3      | Killed Robin
  2524 | D:3      | Reached XP level 5. HP: 17/27 MP: 3/6
  2813 | D:3      | Noticed Ijyb
  2853 | D:3      | Killed Ijyb
  2854 | D:3      | Reached skill level 7 in Stealth
  3145 | D:4      | Identified the +7 long sword "Teughune" {vorpal, rF+ rN+}
  3404 | D:4      | Reached XP level 6. HP: 32/32 MP: 7/7
  3631 | D:4      | Reached skill level 5 in Short Blades
  3638 | D:4      | Found a stormy altar of Qazlal.
  3761 | D:4      | Found a staircase to the Ecumenical Temple.
  3770 | Temple   | Entered the Ecumenical Temple
  3817 | Temple   | Became a worshipper of Cheibriados the Contemplative
  3941 | D:5      | Entered Level 5 of the Dungeon
  4140 | D:5      | Reached XP level 7. HP: 36/36 MP: 8/8
  4155 | D:5      | Reached skill level 8 in Stealth
  4786 | D:6      | Reached skill level 1 in Invocations
  4788 | D:6      | Reached skill level 5 in Dodging
  4789 | D:6      | Found an iron altar of Okawaru.
  5389 | D:6      | Reached XP level 8. HP: 37/40 MP: 8/10
  5952 | D:7      | Found an opulent altar of Gozag.
  6115 | D:7      | Noticed Joseph
  6121 | D:7      | Noticed Prince Ribbit
  6125 | D:7      | Reached skill level 9 in Stealth
  6463 | D:8      | Found a staircase to the Lair.
  6739 | D:8      | Reached XP level 9. HP: 45/45 MP: 12/12
  6836 | D:8      | Found a burning altar of Makhleb.
  7090 | D:8      | Reached skill level 10 in Stealth
  7224 | D:8      | Found Hoavokhukh's Magic Scroll Boutique.
  7258 | D:8      | Bought a scroll of identify for 30 gold pieces
  7258 | D:8      | Bought a scroll of blinking for 112 gold pieces
  7258 | D:8      | Bought a scroll of identify for 30 gold pieces
  7258 | D:8      | Bought a scroll of identify for 30 gold pieces
  7530 | D:9      | Reached skill level 1 in Long Blades
  7564 | D:9      | Reached * piety under Cheibriados
  7659 | D:9      | Noticed a troll
  7666 | D:9      | Killed a troll
  7667 | D:9      | Reached skill level 5 in Invocations
  7831 | D:9      | Reached skill level 5 in Fighting
  8063 | D:9      | Reached skill level 11 in Stealth
  8063 | D:9      | Reached XP level 10. HP: 40/51 MP: 8/15
  8381 | D:10     | Entered Level 10 of the Dungeon
  8688 | D:10     | Noticed an unseen horror
  8711 | D:10     | Killed an unseen horror
  8790 | D:10     | Identified the +1 ring mail "Elemaz" {rCorr Str+3 Dex+3}
  8950 | D:10     | Noticed Sonja
  8974 | D:10     | Killed Sonja
  9608 | D:11     | Reached skill level 12 in Stealth
  9641 | D:11     | Noticed a cyclops
  9642 | D:11     | Found a staircase to the Orcish Mines.
  9661 | D:11     | Killed a cyclops
  9810 | D:11     | Reached ** piety under Cheibriados
  9842 | D:11     | Noticed a cyan ugly thing
  9858 | D:11     | Noticed a gargoyle
 10315 | D:7      | Identified the +0 buckler of the Thunderstorm {rPois rF-
                  | Str+3}
 10572 | D:7      | Reached XP level 11. HP: 56/56 MP: 18/18
 10833 | D:7      | Killed Joseph
 11174 | D:7      | Killed Prince Ribbit
 11230 | Lair:1   | Entered Level 1 of the Lair of Beasts
 11230 | Lair:1   | Noticed a four-headed hydra
 11238 | D:8      | Killed a six-headed hydra
 11239 | D:8      | Reached skill level 1 in Armour
 12203 | Lair:1   | Noticed a six-headed hydra
 12213 | Lair:1   | Killed a six-headed hydra
 12326 | Lair:1   | Reached skill level 10 in Dodging
 13271 | Lair:1   | Identified a scroll of acquirement
 13274 | Lair:1   | Acquired a manual of Long Blades
 13320 | Lair:2   | Found the +3 pair of gauntlets of War {Slay+5}
 13326 | Lair:2   | Reached skill level 13 in Stealth
 13392 | Lair:2   | Noticed an eight-headed hydra
 13410 | Lair:2   | Killed an eight-headed hydra
 13509 | Lair:2   | Noticed a catoblepas
 13516 | Lair:2   | Killed a catoblepas
 13517 | Lair:2   | Reached skill level 5 in Long Blades
 13540 | Lair:2   | Found a staircase to the Shoals.
 13695 | Lair:2   | Noticed a boulder beetle
 13753 | Lair:2   | Reached XP level 12. HP: 51/62 MP: 2/20
 14000 | Lair:3   | Noticed a four-headed hydra
 14036 | Lair:3   | Killed a four-headed hydra
 14044 | Lair:3   | Reached *** piety under Cheibriados
 14320 | Lair:3   | Noticed an eight-headed hydra
 14330 | Lair:3   | Reached skill level 10 in Invocations
 15564 | Orc:1    | Entered Level 1 of the Orcish Mines
 15578 | D:11     | Reached **** piety under Cheibriados
 15748 | Orc:1    | Noticed an ettin
 15766 | Orc:1    | Killed an ettin
 15896 | Orc:1    | Found a roughly hewn altar of Beogh.
 16012 | Orc:2    | Entered Level 2 of the Orcish Mines
 16032 | Orc:1    | Reached skill level 14 in Stealth
 16134 | Orc:2    | Noticed an orc warlord
 16154 | Orc:2    | Killed an orc warlord
 16438 | Orc:1    | Reached ***** piety under Cheibriados
 16791 | Orc:2    | Found a staircase to the Elven Halls.
 16866 | Orc:2    | Reached XP level 13. HP: 41/68 MP: 14/22
 17217 | Orc:2    | Found Etzoa's Antique Weapon Shoppe.
 17217 | Orc:2    | Noticed an orc warlord
 17235 | Orc:2    | Killed an orc warlord
 17263 | Orc:2    | Slain by a sun demon

Illustrated notes

Levels and vault maps discovered:
D:1:      dpeg_arrival_tiny_a, layout_basic
D:2:      layout_loops_ring, serial_rivers, chequers_serial_rivers_micro_a,
          chequers_serial_rivers_room_a, chequers_serial_rivers_small_a,
          chequers_serial_rivers_micro_e, chequers_serial_rivers_large_b
D:3:      layout_basic, gup_sewer_entry_bowl, uniq_ijyb, uniq_robin
D:4:      minmay_diamond_boxcup, layout_loops_ring,
          minmay_temple_entry_proselytizer, grunt_ministairs_2,
          hangedman_decor_points, grunt_qazlal_clouds
D:5:      layout_loops_cross, patterned_corridor
D:6:      layout_loops_cross, basic_altar
D:7:      layout_basic, nicolae_gozag_seed_capital, uniq_prince_ribbit1,
          uniq_joseph
D:8:      layout_loops_cross, bloody_makhleb, david_lair_generic, serial_shops,
          nicolae_shop_window_shopping, chequers_serial_rivers_micro_a
D:9:      layout_roguey
D:10:     layout_big_octagon, uniq_sonja
D:11:     layout_gridville, orc_0_dummy
Temple:   regret_index_temple_sigil_plot
Lair:1:   layout_concentric_octagons
Lair:2:   layout_chaotic_city, minmay_shoals_entry_centaurs,
          chequers_serial_rivers_small_b, st_stairs_8
Lair:3:   layout_regular_city, roderic_batcave, st_stairs_9,
          beast_lair_carwin_6, grunt_megastairs_2, lemuel_fruit_fields,
          serial_bayou_shore_b
Orc:1:    layout_caves, basic_altar, lemuel_statue_altar
Orc:2:    grunt_orc_gardens, layout_caves, grunt_orc_garden, grunt_orc_garden,
          grunt_orc_garden, grunt_orc_garden

Skill      XL: |  1  2  3  4  5  6  7  8  9 10 11 12 |
---------------+-------------------------------------+-----
Stealth        | 6 7 8 9 11 12 13 14 | 14.7
Dodging        | 2 3 4 5 6 8 9 10 11 | 11.9
Fighting       | 2 3 4 5 6 7 |  7.9
Short Blades   | 3 4 5 6 8 |  8.0
Invocations    | 1 3 6 8 9 11 | 11.5
Long Blades    | 2 3 5 7 |  7.7
Armour         | 2 3 |  3.0
Throwing       | |  2.0

Action                   |  1- 3 |  4- 6 |  7- 9 | 10-12 | 13-15 || total
-------------------------+-------+-------+-------+-------+-------++-------
Melee: Dagger            |    14 |       |       |       |       ||    14
       Short sword       |    98 |   256 |   537 |   385 |       ||  1276
       Unarmed           |       |    21 |       |       |       ||    21
       Long sword        |       |       |    51 |   469 |    59 ||   579
Throw: Dart              |     2 |    14 |     7 |    36 |     6 ||    65
Invok: Slouch            |       |       |       |     1 |     1 ||     2
Evoke: Wand              |       |       |     6 |    22 |     2 ||    30
       Box of beasts     |       |       |       |     1 |       ||     1
  Use: Scroll            |       |       |    16 |    16 |       ||    32
       Potion            |       |       |     3 |     5 |       ||     8
 Stab: Sleeping          |    15 |    16 |    23 |    25 |       ||    79
       Distracted        |       |     1 |       |     4 |       ||     5
Armor: Robe              |    11 |    18 |    13 |     4 |       ||    46
       Acid dragon scale |       |       |       |    39 |       ||    39
Dodge: Dodged            |    83 |   194 |   470 |  1181 |   101 ||  2029
Block: Buckler           |       |       |       |   214 |    30 ||   244
       Rpst.: Long sword |       |       |    13 |   191 |    21 ||   225

Table legend: (Time is in decaauts)
 A = Elapsed time spent in this place.
 B = Non-inter-level travel time spent in this place.
 C = Inter-level travel time spent in this place.
 D = Time resting spent in this place.
 E = Time spent auto-exploring this place.
 F = Levels seen in this place.
 G = Mean time per level.
                   A        B        C        D        E       F      G
               +--------+--------+--------+--------+--------+-----+--------+
         Total |  16326 |  15508 |    818 |   2380 |   9763 |  17 |  960.4 |
       Dungeon |  11386 |  10745 |    641 |   1214 |   7224 |  11 | 1035.1 |
        Temple |     41 |     30 |     11 |      0 |     18 |   1 |   41.0 |
          Lair |   3099 |   2953 |    146 |    521 |   1852 |   3 | 1033.0 |
  Orcish Mines |   1799 |   1780 |     19 |    644 |    669 |   2 |  899.5 |
               +--------+--------+--------+--------+--------+-----+--------+

Top non-repeatable levels by time:
  Lair:1: 1807 daAuts
     D:8: 1770 daAuts
    D:10: 1523 daAuts
    D:11: 1272 daAuts
     D:7: 1219 daAuts
   Orc:1: 1093 daAuts
     D:5: 1032 daAuts
     D:9: 946 daAuts
     D:3: 877 daAuts
     D:6: 793 daAuts
     D:4: 772 daAuts
   Orc:2: 705 daAuts
  Lair:3: 677 daAuts
  Lair:2: 614 daAuts
     D:1: 608 daAuts
